 Dungeon Crawl Stone Soup version 0.31.0-9-g3a7656b989 (webtiles) character file.

Game seed: 15905651630862176111

113 qw the Shooter (level 4, -3/36 HPs)
             Began as a Demigod Hunter on Feb 2, 2024.
             Slain by a black bear (6 damage)
             ... on level 4 of the Dungeon.
             The game lasted 00:00:07 (1793 turns).

qw the Shooter (Demigod Hunter)                     Turns: 1793, Time: 00:00:07

Health: -3/36      AC:  7    Str: 12    XL:     4   Next: 39%
Magic:  6/6        EV: 16    Int: 11    God:
Gold:   100        SH:  0    Dex: 21    Spells: 3/3 levels left

rFire   . . .        a - +0 shortbow
rCold   . . .        (shield currently unavailable)
rNeg    . . .        f - +0 ring mail
rPois   .            (no helmet)
rElec   .            (no cloak)
rCorr   .            c - +1 pair of gloves
SInv    .            (no boots)
Will    .....        (no amulet)
Stlth   +            b - +5 ring of evasion
HPRegen 0.26/turn    (no ring)
MPRegen 0.10/turn

%: no passive effects
@: no status effects
A: high MP 1, forlorn, divine attributes
a: no special abilities


You were on level 4 of the Dungeon.
You visited 1 branch of the dungeon, and saw 4 of its levels.

You collected 100 gold pieces.


Innate Abilities, Weirdness & Mutations

You have an increased reservoir of magic. (+10% MP)
You shall have no god before yourself.
Your divine heritage dramatically boosts your attributes as you level up.


   Skills:
 - Level 2.0 Fighting
 + Level 5.0 Ranged Weapons
 - Level 1.1 Armour
 - Level 2.3 Dodging
 - Level 0.8 Stealth


You had 3 spell levels left.
You didn't know any spells.
Your spell library was empty.

Inventory:

Hand Weapons
 a - a +0 shortbow (weapon)
Armour
 c - a +1 pair of gloves (worn)
 f - a +0 ring mail (worn)
Jewellery
 b - a +5 ring of evasion (left hand)
Wands
 d - a wand of flame (18)
Scrolls
 e - a scroll of teleportation {unknown}
Potions
 h - a potion of might
 i - a potion of enlightenment {unknown}
 j - a potion of heal wounds {unknown}

Dungeon Overview and Level Annotations

Branches:
Dungeon (4/15)
 Temple: D:4-7

Shops:
D:2 =

Annotations:
D:4 Edmund


Message History

Edmund barely misses you.
You shoot an arrow. The arrow hits Edmund.
Edmund is moderately wounded.
Edmund barely misses you.
You shoot an arrow.
The arrow hits Edmund but does no damage.
Edmund is moderately wounded.
You shoot an arrow.
The arrow hits Edmund but does no damage.
Edmund is moderately wounded.
Edmund says, "I'm quite good with sums, too."
Edmund hits you but does no damage.
You shoot an arrow. The arrow barely misses Edmund.
Edmund barely misses you.
You shoot an arrow. The arrow barely misses Edmund.
Edmund hits you with a +4 heavy flail.
You shoot an arrow. The arrow closely misses Edmund.
Edmund barely misses you.
You shoot an arrow. The arrow hits Edmund.
Edmund is moderately wounded.
You shoot an arrow. The arrow hits the black bear.
The black bear is lightly wounded.
The black bear misses you. The black bear claws you. The black bear misses you.
You shoot an arrow.
The arrow hits the black bear but does no damage.
The black bear is lightly wounded.
The black bear bites you. The black bear barely misses you. x2
You shoot an arrow. The arrow hits the black bear!
The black bear is heavily wounded.
The black bear completely misses you. x2; The black bear misses you.
You shoot an arrow.
The arrow hits the black bear but does no damage.
The black bear is heavily wounded.
The black bear bites you but does no damage.
The black bear misses you. The black bear claws you.
Edmund says, "People accused me of being a cutpurse!"
You shoot an arrow. The arrow hits the black bear.
The black bear is heavily wounded.
The black bear bites you.
You die...

##.######## ##....#
#.........###..#.##
#.........##..##.#
#.........##.##..#
#........<#..##.##
#................#
#................#
#........h.......#
####.#...#@......#
###.###.#%......#
##...##............
#..###............. .###
#.............<.... ....
##..##(#.#.........
....##........##........
#....%..................
..............)..>......


You could see a black bear.

Vanquished Creatures
  An iguana (D:4)
  3 adders
  A dart slug (D:4)
  4 endoplasms
  5 giant cockroaches
  7 goblins
  2 hobgoblins
  4 quokkas
  3 ball pythons
  11 bats
  4 frilled lizards
  4 kobolds
  6 rats
55 creatures vanquished.

Notes
Turn   | Place    | Note
-------+----------+-------------------------------------------
     0 | D:1      | qw the Demigod Hunter began the quest for the Orb.
     0 | D:1      | Reached XP level 1. HP: 17/17 MP: 3/3
     0 | D:1      | 0 ||| qw: Version: 0.3-a-155-g5e7d8dd
     0 | D:1      | 0 ||| qw: Game counter: 29
     0 | D:1      | 0 ||| qw: Melee chars always use a shield: true
     0 | D:1      | 0 ||| qw: God list: Okawaru
     0 | D:1      | 0 ||| qw: Allow faded altars: false
     0 | D:1      | 0 ||| qw: Do Orc after clearing Dungeon:15 true
     0 | D:1      | 0 ||| qw: Do second Lair branch before Depths: true
     0 | D:1      | 0 ||| qw: Lair rune preference: random
     0 | D:1      | 0 ||| qw: Goals: Normal
     0 | D:1      | 0 ||| PLANNING D:1-11
   141 | D:1      | Reached skill level 4 in Ranged Weapons
   196 | D:1      | Reached XP level 2. HP: 24/24 MP: 4/4
   369 | D:1      | 369 ||| UPGRADING to +0 ring mail.
   379 | D:1      | 379 ||| DROPPING +0 leather armour.
   380 | D:1      | 380 ||| DROPPING ring of magical power.
   381 | D:1      | 381 ||| READING scroll labelled PAGGEATSUT.
   382 | D:1      | 382 ||| READING scroll labelled XOMNYFOOCA.
   383 | D:1      | 383 ||| DROPPING scroll of butterflies.
   460 | D:2      | Reached XP level 3. HP: 29/29 MP: 5/5
   534 | D:2      | Found Niawkiul's Jewellery Emporium.
   538 | D:2      | 538 ||| SHOPLISTING amulet of the acrobat (420 gold, have
                  | 53).
   538 | D:2      | 538 ||| SHOPLISTING ring of Tastriah {Wiz *Corrode rN+
                  | Slay+4} (733 gold, have 53).
   538 | D:2      | 538 ||| SHOPLISTING ring of ice (350 gold, have 53).
   538 | D:2      | 538 ||| SHOPLISTING ring of protection from fire (350 gold,
                  | have 53).
   538 | D:2      | 538 ||| SHOPLISTING ring of see invisible (210 gold, have
                  | 53).
   826 | D:2      | 826 ||| UPGRADING to +1 pair of gloves.
   831 | D:2      | 831 ||| UPGRADING to +5 ring of evasion.
  1085 | D:3      | Reached skill level 5 in Ranged Weapons
  1588 | D:3      | 1588 ||| READING 2 scrolls labelled AKEKUW APUGA.
  1589 | D:3      | 1589 ||| READING scroll labelled GEULURIZXU.
  1589 | D:3      | 1589 ||| IDENTIFYING murky cyan potion
  1590 | D:3      | 1590 ||| DROPPING scroll of fear.
  1681 | D:4      | Reached skill level 1 in Armour
  1681 | D:4      | Reached XP level 4. HP: 36/36 MP: 6/6
  1760 | D:4      | Noticed Edmund
  1763 | D:4      | Noticed a black bear
  1764 | D:4      | 1764 ||| RETREEEEATING.
  1765 | D:4      | 1765 ||| RETREEEEATING.
  1766 | D:4      | 1766 ||| RETREEEEATING.
  1767 | D:4      | 1767 ||| RETREEEEATING.
  1768 | D:4      | 1768 ||| FLEEEEING.
  1769 | D:4      | 1769 ||| FLEEEEING.
  1770 | D:4      | 1770 ||| FLEEEEING.
  1771 | D:4      | 1771 ||| FLEEEEING.
  1772 | D:4      | 1772 ||| FLEEEEING.
  1773 | D:4      | 1773 ||| FLEEEEING.
  1774 | D:4      | 1774 ||| FLEEEEING.
  1775 | D:4      | 1775 ||| FLEEEEING.
  1776 | D:4      | 1776 ||| FLEEEEING.
  1777 | D:4      | 1777 ||| FLEEEEING.
  1789 | D:4      | HP: 8/36 [black bear (4)]
  1790 | D:4      | HP: 3/36 [black bear (6)]
  1793 | D:4      | Slain by a black bear

Levels and vault maps discovered:
D:1:      eino_arrival_cavern_a, layout_rooms
D:2:      layout_rooms, serial_shops, nicolae_shop_stone, corner_web_ring,
          minmay_misc_feat_more_columns
D:3:      layout_loops_ring, chequers_temple_overflow_minitemple,
          grunt_decor_junction, minmay_misc_feat_room
D:4:      layout_rooms, minmay_temple_entry_large_hall,
          gammafunk_ghost_nasty_kobolds, chequers_serial_rivers_small_a,
          minmay_rat_hole, uniq_edmund

Skill      XL: |  1  2  3  4 |
---------------+-------------+-----
Ranged Weapons | 4 5 |  5.0
Fighting       | 2 |  2.0
Armour         | 1 |  1.1
Dodging        | 2 |  2.3
Stealth        | |  0.8

Action                     |  1- 3 |  4- 6 || total
---------------------------+-------+-------++-------
   Fire: Shortbow          |   120 |    24 ||   144
    Use: Scroll            |     4 |       ||     4
 Armour: Ring mail         |    10 |    14 ||    24
  Dodge: Dodged            |    30 |    15 ||    45

Table legend:
 A = Non-vault XP
 B = Vault XP
 C = Vault XP percentage of total XP
 D = Non-vault monster count
 E = Vault monster count
 F = Vault count percentage of total count
                 A         B        C        D         E       F
            +---------+---------+-------+---------+---------+-------
      Total |     162 |       0 |   0.0 |      55 |       0 |   0.0
            +---------+---------+-------+---------+---------+-------
        D:1 |      27 |       0 |   0.0 |      17 |       0 |   0.0
        D:2 |      52 |       0 |   0.0 |      20 |       0 |   0.0
        D:3 |      24 |       0 |   0.0 |      14 |       0 |   0.0
        D:4 |      59 |       0 |   0.0 |       4 |       0 |   0.0
            +---------+---------+-------+---------+---------+-------
